Map: Ulrena

Players

Chinoumi

  • Race: Zerg Zerg

Alpha

  • Race: Zerg Zerg
  • League: Diamond

paddy

  • Race: Zerg Zerg

SpaceMarine

  • Race: Zerg Zerg
  • League: Grandmaster

VOD

Have the link to the VOD?

Description

Time

  • Played on: Dec. 7, 2015, 7:09 p.m.
  • Length: 3:48
Show
View Real Time Build Order
Export as new Build Order

Chinoumi Zerg 

Build Orders: Hatch First 

Get SALT Encoding   

  12  0:01  Drone  
  13  0:12  Overlord  
  13  0:17  Drone  
  14  0:30  Drone x2  
  14  0:34  Drone  
  17  0:45  Drone  
  18  0:57  Hatchery  
  18  0:59  Drone  
  18  1:16  Drone, Spawning Pool  
  18  1:19  Drone  
  18  1:23  Extractor  
  18  1:28  Drone  
  19  1:39  Overlord  
  19  2:04  Queen  
  19  2:05  Spine Crawler  
  19  2:06  Zergling x4  
  22  2:18  Spine Crawler  
  22  2:21  Drone x3  
  25  2:32  Drone  
  25  2:33  Drone x2  
  25  2:36  Queen  
  30  2:50  Roach Warren  
  29  2:52  Zergling x4  
  30  3:13  Zergling x12  
  30  3:19  Roach Warren  
  31  3:21  Zergling x6  
Show
View Real Time Build Order
Export as new Build Order

Alpha Zerg 

Build Orders: Pool First 

Get SALT Encoding   

  12  0:01  Drone  
  13  0:09  Drone  
  14  0:17  Overlord  
  14  0:25  Drone, Extractor  
  15  0:35  Drone x2  
  17  0:44  Drone  
  17  0:49  Spawning Pool  
  17  0:52  Extractor  
  17  0:55  Drone  
  17  1:14  Hatchery  
  17  1:17  Drone  
  17  1:20  Drone  
  18  1:27  Drone  
  19  1:36  Queen  
  21  1:40  Zergling x2  
  22  1:50  Overlord  
  22  1:54  Metabolic Boost  
  22  2:10  Zergling x4  
  22  2:11  Queen  
  26  2:21  Drone  
  27  2:26  Zergling x2  
  28  2:32  Baneling Nest, Zergling x2  
  28  2:36  Zergling x2  
  29  2:43  Zergling x2  
  30  2:44  Overlord  
  30  2:45  Zergling x2  
  30  2:47  Zergling x2  
  32  2:52  Zergling x2  
  32  2:57  Zergling x2  
  34  3:00  Zergling x2  
  35  3:06  Zergling x2  
  35  3:10  Zergling x2  
  37  3:15  Zergling x2  
  37  3:19  Zergling x2  
  39  3:20  Zergling x6  
  39  3:23  Zergling x4  
  39  3:26  Zergling x2  
  43  3:31  Zergling x2  
Show
View Real Time Build Order
Export as new Build Order

paddy Zerg 

Build Orders:  

Get SALT Encoding   

Show
View Real Time Build Order
Export as new Build Order

SpaceMarine Zerg 

Build Orders:  

Get SALT Encoding   

Tags
 
Add a new tag
Caveats
  • Supply blocks, unpowered buildings, or Contaminate may cause inaccurate times.
  • Supply counts are checked every 10 seconds.